Unix NetHack Version 3.7.0-53 Work-in-progress - last build Apr 11 2022 03:59:15 (1e4a17dd8e4cd83bd3ef5d46a59529246cfc2aae,branch:master). Game began 2022-04-17 20:21:23, ended 2022-04-17 20:44:13. Dewzmint, lawful male human Priest --------- |$......| ------ |.......d@####.....| |.!.....| |....| --------- |....| |<...| |....| |....| ------ Dewzmint the Adept St:6 Dx:15 Co:13 In:13 Wi:14 Ch:12 Lawful S:1934 Dlvl:8 $:159 HP:0(46) Pw:59(59) AC:7 Xp:6/341 T:2898 Burdened Latest messages: You miss the iron piercer. You miss the iron piercer. You miss the iron piercer. You miss the iron piercer. You miss the iron piercer. You hit the iron piercer! You miss the iron piercer. You miss the iron piercer. You miss the iron piercer. You kill the iron piercer! Welcome to experience level 6. You see here an iron piercer corpse. There is an iron piercer corpse here; eat it? [ynq] (n) y This iron piercer corpse tastes okay. You finish eating the iron piercer corpse. That door is closed. This door is locked. Unlock it with your key? [yn] (n) y You succeed in unlocking the door. The door resists! The door opens. The dingo bites! The dingo bites! The dingo bites! You hit the dingo! The dingo bites! You hit the dingo! The dingo bites! The dingo bites! You miss the dingo. The dingo bites! The dingo bites! You hit the dingo! The dingo bites! You miss the dingo. The dingo bites! You miss the dingo. The dingo bites! The dingo bites! The dingo bites! The dingo bites! You hit the dingo! The dingo bites! The dingo bites! You die... Do you want your possessions identified? [ynq] (y) n Do you want to see your attributes? [ynq] (y) n Do you want an account of creatures vanquished? [ynaq] (y) n Do you want to see your conduct and achievements? [ynq] (y) n Do you want to see the dungeon overview? [ynq] (y) n Major events: Turn 1: Dewzmint the lawful human Priest entered the dungeon 831: attained the rank of Acolyte (level 3) 2017: consulted the Oracle 2847: attained the rank of Adept (level 6) 2898: killed by a dingo Inventory: Coins $ - 159 gold pieces Weapons E - 9 +0 darts a - a blessed +1 mace (weapon in hand) Armor c - a +0 small shield (being worn) b - a +0 robe (being worn) Comestibles e - 2 cloves of garlic K - 2 food rations f - a sprig of wolfsbane Scrolls z - a scroll of enchant weapon t - a scroll of gold detection l - a scroll of identify I - a scroll of remove curse v - a scroll of teleportation Spellbooks g - a spellbook of detect monsters w - a spellbook of healing h - a spellbook of light Potions C - a blessed potion of booze J - a potion of fruit juice F - a potion of full healing q - a potion of gain energy B - a potion of paralysis D - a potion of sickness H - a potion of speed d - 4 potions of holy water Rings u - a cursed ring of polymorph m - a ring of regeneration (on left hand) o - a ring of teleport control (on right hand) Wands A - a wand of magic missile (0:0) Tools i - an oil lamp G - a skeleton key Dewzmint the Priest's attributes: Background: You were an Adept, a level 6 human Priest. You were lawful, on a mission for Athena who was opposed by Hermes (neutral) and Poseidon (chaotic). You were in the Dungeons of Doom, on level 8. You entered the dungeon 2898 turns ago. There was a full moon in effect when your adventure ended. You had 341 experience points, 299 more were needed to attain level 7. Your score was 1934 before end-of-game adjustments. Basics: You had 0 out of 46 hit points. You had all 59 energy points (spell power). Your armor class was 7. Your wallet contained 159 zorkmids. Autopickup was off. Final Characteristics: Your strength was 6 (peak:10, limit:18/100). Your dexterity was 15 (limit:18). Your constitution was 13 (limit:18). Your intelligence was 13 (limit:18). Your wisdom was 14 (limit:18). Your charisma was 12 (limit:18). Final Status: You were not hungry. You were burdened; movement was slightly slowed. You were wielding a mace. You were skilled in mace. Final Attributes: You were piously aligned. You were telepathic. You had teleport control. You regenerated. You were guarded. You were lucky. You are dead. Miscellaneous: You never encountered a bones level. Total elapsed playing time was 22 minutes and 50 seconds. Vanquished creatures: a giant beetle an iron piercer a gnome ruler an imp a rock mole 2 shriekers a gray ooze 2 elf zombies a floating eye a homunculus 2 hill orcs an orc zombie 2 iguanas a killer bee 2 coyotes a manes 2 hobgoblins 2 giant rats a yellow mold a gnome zombie a gecko 2 jackals 2 foxes 3 kobolds 4 grid bugs 6 lichens 3 kobold zombies 2 newts 50 creatures vanquished. No species were genocided or became extinct. Voluntary challenges: You read items or engraved 5 times. You never engraved Elbereth. You never genocided any monsters. You never polymorphed an object. You never changed form. You used no wishes. Achievements: You attained the rank of Acolyte. You consulted the Oracle of Delphi. You attained the rank of Adept. The Dungeons of Doom: levels 1 to 8 Level 1: Level 2: A grave. Level 3: A fountain. Level 4: Some fountains, a sink. Level 5: Many fountains. Oracle of Delphi. Level 6: Level 7: A fountain. Level 8: <- You were here. Final resting place for you, killed by a dingo. Game over: ---------- / \ / REST \ / IN \ / PEACE \ / \ | Dewzmint | | 159 Au | | killed by a | | dingo | | | | | | 2022 | *| * * * | * _________)/\\_//(\/(/\)/\//\/|_)_______ Goodbye Dewzmint the Priest... You died in The Dungeons of Doom on dungeon level 8 with 1919 points, and 159 pieces of gold, after 2898 moves. You were level 6 with a maximum of 46 hit points when you died.